 Dungeon Sprint DCSS version 0.31-a0-544-gceb718ecc6 (webtiles) character file.

Game seed: 13853354146589282467

274 zazu2006 the Battlemage (level 6, 0/51 HPs)
             Began as a Gnoll Wanderer on Aug 16, 2023.
             Was an Elder of Vehumet.
             Slain by a merfolk
             ... wielding a +0 trident
              (22 damage)
             ... in the Dungeon (Sprint VII: "The Pits").
             The game lasted 00:04:36 (526 turns).

zazu2006 the Battlemage (Gnoll Wanderer)             Turns: 526, Time: 00:04:37

Health: 0/51       AC:  3    Str: 13    XL:     6   Next: 24%
Magic:  13/13      EV: 12    Int: 11    God:    Vehumet [****..]
Gold:   0          SH:  5    Dex: 12    Spells: 7/15 levels left

rFire   . . .        a - +2 dagger (venom)
rCold   . . .        b - +0 buckler
rNeg    . . .        d - +0 leather armour
rPois   .            (no helmet)
rElec   .            (no cloak)
rCorr   .            (no gloves)
SInv    .            (no boots)
Will    .....        (no amulet)
Stlth   +++          (no ring)
HPRegen 0.28/turn    (no ring)
MPRegen 0.13/turn

%: no teleportation
@: no status effects
A: fangs 1, strong nose, distributed training
a: Renounce Religion


You were in the Dungeon.
You worshipped Vehumet.
Vehumet was greatly pleased with you.
You visited 1 branch

Inventory:

Hand Weapons
 a - a +2 dagger of venom (weapon)
 j - a +2 hand axe
 n - a +2 long sword of holy wrath
 o - a +2 dagger of electrocution
Armour
 b - a +0 buckler (worn)
 d - a +0 leather armour (worn)
 p - a +3 scale mail
Scrolls
 i - a scroll of blinking
 l - 5 scrolls of amnesia
 m - a scroll of butterflies
Potions
 c - 3 potions of heal wounds
 e - 6 potions of curing
 f - a potion of haste
 g - 4 potions of magic
 h - 2 potions of berserk rage
 k - 2 potions of invisibility


   Skills:
 + Level 5.2 Fighting
 + Level 4.4 Short Blades
 + Level 4.4 Long Blades
 + Level 5.2 Axes
 + Level 4.4 Maces & Flails
 + Level 4.4 Polearms
 + Level 4.4 Staves
 + Level 4.4 Ranged Weapons
 + Level 4.4 Throwing
 + Level 5.2 Armour
 + Level 4.4 Dodging
 + Level 5.0 Stealth
 + Level 5.2 Shields
 + Level 4.4 Unarmed Combat
 + Level 5.3 Spellcasting
 + Level 3.6 Conjurations
 + Level 3.6 Hexes
 + Level 3.6 Summonings
 + Level 3.6 Necromancy
 + Level 3.6 Translocations
 + Level 3.6 Transmutations
 + Level 5.3 Fire Magic
 + Level 3.6 Ice Magic
 + Level 3.6 Air Magic
 + Level 3.6 Earth Magic
 + Level 3.6 Poison Magic
 + Level 5.5 Invocations
 + Level 5.2 Evocations
 + Level 3.6 Shapeshifting


You had 7 spell levels left.
You knew the following spells:

 Your Spells              Type           Power      Damage    Failure   Level
a - Foxfire               Conj/Fire      48%        2x1d6     1%          1
b - Sticky Flame          Conj/Fire      12%        2d4       16%         4
c - Stone Arrow           Conj/Erth      20%        3d8       7%          3

Your spell library contained the following spells:

 Spells                   Type           Power      Damage    Failure   Level
 Inner Flame              Hex/Fire       12%        N/A       4%          3


Dungeon Overview and Level Annotations

Branches:
Dungeon (1/1)

Altars:
Ashenzari
Cheibriados
Dithmenos
Elyvilon
Fedhas
Gozag
Hepliaklqana
Kikubaaqudgha
Makhleb
Nemelex Xobeh
Okawaru
Qazlal
Ru
Sif Muna
Trog
Uskayaw
Vehumet
Wu Jian
Xom
Yredelemnul
Zin
The Shining One
Jiyva
Lugonu


Innate Abilities, Weirdness & Mutations

You have very sharp teeth.
Your uncanny sense of smell can sniff out nearby items.
Your experience applies equally to all skills.


Message History

This spell is dangerous to cast!
Vehumet grants you knowledge of Stone Arrow.
You start memorising the spell.
You continue memorising. x3
You finish memorising.
You add the spell Stone Arrow to your library.
Spell assigned to 'c'.
You open the door.
A merfolk comes into view. It is wielding a +0 trident.
The merfolk shouts!
You block the merfolk's attack. The merfolk hits you with a +0 trident.
There is an open door here.
You hit the merfolk but do no damage. Lightning courses through the merfolk!
The merfolk is moderately wounded.
The merfolk hits you with a +0 trident!
You hit the merfolk. Lightning courses through the merfolk!!
The merfolk is heavily wounded.
The merfolk hits you with a +0 trident!!
* * * LOW HITPOINT WARNING * * *
You feel much better. The merfolk hits you with a +0 trident.
You barely miss the merfolk.
The merfolk is heavily wounded.
The merfolk barely misses you.
You closely miss the merfolk.
The merfolk is heavily wounded.
The merfolk barely misses you.
Your +2 dagger of electrocution stops crackling.
Your +2 dagger of venom begins to drip with poison!
a - a +2 dagger of venom (weapon)
You hit the merfolk but do no damage.
The merfolk is poisoned.
The merfolk is heavily wounded.
The merfolk hits you with a +0 trident!!
You hit the merfolk.
The merfolk looks as sick as possible!
The merfolk is heavily wounded.
The merfolk hits you with a +0 trident.
Okay, then.
The merfolk closely misses you.
There is an open door here.
The merfolk hits you with a +0 trident!!
You die...

#.#..########...<...###.
#.#..'[.)).##.......# ##
#.#..#.).).##.......#
#)###########.......#
#.......# #########
#..#.#..# #.##.##.# ∆∆∆∆
#.......#+# ∆∆
#.##.##@#m+ ∆∆
#..#.#.m#'# ∆∆
#.......'.# ∆
###########


You could see a merfolk (very poisoned).

Vanquished Creatures
  A warg (D)
  A centaur (D)
  Jessica (D)
  2 mummies (D)
  A gnoll (D)
  A worm (D)
  An orc (D)
  A bat (D)
  2 endoplasms (D)
  A goblin (D)
  A hobgoblin (D)
  A frilled lizard (D)
  2 rats (D)
16 creatures vanquished.

Vanquished Creatures (others)
  7 foxfires (D)
7 creatures vanquished.

Grand Total: 23 creatures vanquished

Notes
Turn   | Place    | Note
-------+----------+-------------------------------------------
     0 | D        | zazu2006 the Gnoll Wanderer began the quest for the Orb.
     0 | D        | zazu2006 set off with the following items: a +0 hand axe, a
                  | +0 buckler, 2 potions of heal wounds, a +0 leather armour,
                  | a potion of curing, a potion of haste, 2 potions of magic,
                  | a potion of berserk rage, a scroll of blinking; and the
                  | following spell memorised: Foxfire; and the following
                  | spells available to memorise: Inner Flame, Sticky Flame.
     0 | D        | Reached XP level 1. HP: 17/17 MP: 4/4
    73 | D        | Found a glowing golden altar of the Shining One.
    73 | D        | Found a glowing silver altar of Zin.
    73 | D        | Found a basalt altar of Yredelemnul.
    73 | D        | Found a shimmering altar of Xom.
    73 | D        | Found an ornate altar of the Wu Jian Council.
    73 | D        | Found a bloodstained altar of Trog.
    73 | D        | Found a shimmering blue altar of Sif Muna.
    73 | D        | Found a sacrificial altar of Ru.
    73 | D        | Found a stormy altar of Qazlal.
    73 | D        | Found an iron altar of Okawaru.
    73 | D        | Found a sparkling altar of Nemelex Xobeh.
    73 | D        | Found a burning altar of Makhleb.
    73 | D        | Found a viscous altar of Jiyva.
    73 | D        | Found a hazy altar of Hepliaklqana.
    73 | D        | Found an opulent altar of Gozag.
    73 | D        | Found a blossoming altar of Fedhas.
    73 | D        | Found a white marble altar of Elyvilon.
    73 | D        | Found a shadowy altar of Dithmenos.
    73 | D        | Found a snail-covered altar of Cheibriados.
    74 | D        | Found a radiant altar of Vehumet.
    74 | D        | Found a corrupted altar of Lugonu.
    75 | D        | Found a hide-covered altar of Uskayaw.
    75 | D        | Found an ancient bone altar of Kikubaaqudgha.
    75 | D        | Found a broken altar of Ashenzari.
    82 | D        | Became a worshipper of Vehumet
   119 | D        | Reached * piety under Vehumet
   119 | D        | Offered knowledge of Kiss of Death by Vehumet.
   122 | D        | Reached skill level 1 in Short Blades
   122 | D        | Reached skill level 1 in Long Blades
   122 | D        | Reached skill level 1 in Maces & Flails
   122 | D        | Reached skill level 1 in Polearms
   122 | D        | Reached skill level 1 in Staves
   122 | D        | Reached skill level 1 in Ranged Weapons
   122 | D        | Reached skill level 1 in Throwing
   122 | D        | Reached skill level 1 in Dodging
   122 | D        | Reached skill level 1 in Unarmed Combat
   157 | D        | Reached ** piety under Vehumet
   158 | D        | Reached XP level 2. HP: 17/23 MP: 6/6
   200 | D        | Reached skill level 1 in Conjurations
   200 | D        | Reached skill level 1 in Hexes
   200 | D        | Reached skill level 1 in Summonings
   200 | D        | Reached skill level 1 in Necromancy
   200 | D        | Reached skill level 1 in Translocations
   200 | D        | Reached skill level 1 in Transmutations
   200 | D        | Reached skill level 1 in Ice Magic
   200 | D        | Reached skill level 1 in Air Magic
   200 | D        | Reached skill level 1 in Earth Magic
   200 | D        | Reached skill level 1 in Poison Magic
   200 | D        | Reached skill level 1 in Shapeshifting
   262 | D        | Noticed Jessica
   311 | D        | Offered knowledge of Sandblast by Vehumet.
   312 | D        | Reached XP level 3. HP: 19/29 MP: 4/7
   361 | D        | Noticed a centaur
   373 | D        | Reached *** piety under Vehumet
   379 | D        | Killed a centaur
   380 | D        | Reached XP level 4. HP: 36/37 MP: 8/10
   381 | D        | Killed Jessica
   382 | D        | Reached XP level 5. HP: 42/42 MP: 9/11
   382 | D        | Noticed a warg
   397 | D        | Killed a warg
   398 | D        | Reached skill level 5 in Fighting
   398 | D        | Reached skill level 5 in Axes
   398 | D        | Reached skill level 5 in Armour
   398 | D        | Reached skill level 5 in Stealth
   398 | D        | Reached skill level 5 in Shields
   398 | D        | Reached skill level 5 in Spellcasting
   398 | D        | Reached skill level 5 in Fire Magic
   398 | D        | Reached skill level 5 in Invocations
   398 | D        | Reached skill level 5 in Evocations
   398 | D        | Reached XP level 6. HP: 24/51 MP: 11/13
   401 | D        | Reached **** piety under Vehumet
   407 | D        | Learned a level 4 spell: Sticky Flame
   507 | D        | Offered knowledge of Stone Arrow by Vehumet.
   512 | D        | Learned a level 3 spell: Stone Arrow
   512 | D        | Noticed a merfolk
   526 | D        | Slain by a merfolk

Illustrated notes

Levels and vault maps discovered:
D:        pitsprint [storerooms_1, entrance_room_1, metal_vault_5, armoury_3,
          mini_pit_1, grid_room_1, main_hall_1, silver_pit, the_coven_3,
          the_vestibule_1, steel_vault_2, golden_pit, hallway_of_sentries,
          crystal_vault_4, iron_vault_2, final_vault]

Skill      XL: |  1  2  3  4  5 |
---------------+----------------+-----
Short Blades   | 1 3 4 |  4.4
Long Blades    | 1 3 4 |  4.4
Maces & Flails | 1 3 4 |  4.4
Polearms       | 1 3 4 |  4.4
Staves         | 1 3 4 |  4.4
Ranged Weapons | 1 3 4 |  4.4
Throwing       | 1 3 4 |  4.4
Dodging        | 1 3 4 |  4.4
Unarmed Combat | 1 3 4 |  4.4
Spellcasting   | 3 4 5 |  5.3
Fighting       | 3 4 5 |  5.2
Axes           | 3 4 5 |  5.2
Armour         | 3 4 5 |  5.2
Shields        | 3 4 5 |  5.2
Conjurations   | 1 2 3 |  3.6
Hexes          | 1 2 3 |  3.6
Summonings     | 1 2 3 |  3.6
Necromancy     | 1 2 3 |  3.6
Translocations | 1 2 3 |  3.6
Transmutations | 1 2 3 |  3.6
Ice Magic      | 1 2 3 |  3.6
Air Magic      | 1 2 3 |  3.6
Earth Magic    | 1 2 3 |  3.6
Poison Magic   | 1 2 3 |  3.6
Invocations    | 3 4 5 |  5.5
Evocations     | 3 4 5 |  5.2
Shapeshifting  | 1 2 3 |  3.6
Fire Magic     | 4 5 |  5.3
Stealth        | 3 4 5 |  5.0

Action                     |  1- 3 |  4- 6 || total
---------------------------+-------+-------++-------
  Melee: Hand axe          |    22 |       ||    22
         Dagger            |    16 |    22 ||    38
         Bite              |     1 |     1 ||     2
   Cast: Foxfire           |     3 |     1 ||     4
    Use: Potion            |     2 |     3 ||     5
 Armour: Leather armour    |     8 |     1 ||     9
  Dodge: Dodged            |    23 |    16 ||    39
  Block: Buckler           |    10 |     1 ||    11

Table legend: (Time is in decaauts)
 A = Elapsed time spent in this place.
 B = Non-inter-level travel time spent in this place.
 C = Inter-level travel time spent in this place.
 D = Time resting spent in this place.
 E = Time spent auto-exploring this place.
 F = Levels seen in this place.
 G = Mean time per level.
                   A        B        C        D        E       F      G
               +--------+--------+--------+--------+--------+-----+--------+
         Total |    529 |    526 |      3 |     68 |     96 |   1 |  529.0 |
       Dungeon |    529 |    526 |      3 |     68 |     96 |   1 |  529.0 |
               +--------+--------+--------+--------+--------+-----+--------+

Top non-repeatable levels by time:
       D: 529 daAuts
